 Dungeon Crawl Stone Soup version 0.24-a0-446-g87df7205b4 (webtiles) character file.

Game seed: 4077553625909613428

25 gruber the Ruffian (level 2, 0/23 HPs)
             Began as a Draconian Transmuter on June 24, 2019.
             Engulfed by a cloud of steam (21 damage)
             ... on level 1 of the Dungeon.
             The game lasted 00:00:55 (768 turns).

gruber the Ruffian (Draconian Transmuter)            Turns: 768, Time: 00:00:56

Health: 0/23       AC:  4    Str: 12    XL:     2   Next: 82%
Magic:  5/5        EV: 12    Int: 13    God:
Gold:   67         SH:  0    Dex: 11    Spells: 2/5 levels left

rFire    . . .     SeeInvis .     - Unarmed
rCold    . . .     Gourm    .   (no shield)
rNeg     . . .     Faith    .   (armour unavailable)
rPois    .         Spirit   .   (helmet restricted)
rElec    .         Reflect  .   (no cloak)
rCorr    .         Harm     .   (no gloves)
MR       .....                  (no boots)
Stlth    +.........             f - amulet of rage
HPRegen  0.07/turn              (no ring)
MPRegen  0.09/turn              (no ring)

@: very slow
A: unfitting armour, cold-blooded, AC +4
a: Evoke Berserk Rage


You were on level 1 of the Dungeon.
You were not hungry.

You visited 1 branch of the dungeon, and saw 1 of its levels.

You collected 67 gold pieces.

Inventory:

Missiles
 a - 12 arrows
 k - 16 poisoned darts (quivered)
Jewellery
 f - an amulet of rage (around neck)
Scrolls
 b - 2 scrolls of enchant armour {unknown}
 e - a scroll of immolation {unknown}
 g - 3 scrolls of magic mapping {unknown}
Potions
 d - a potion of degeneration {unknown}
 h - a potion of curing {unknown}
 i - a potion of mutation {unknown}
 j - a potion of berserk rage {unknown}
Comestibles
 c - 2 rations


   Skills:
 - Level 1.1 Fighting
 - Level 1.7 Dodging
 + Level 4.1 Unarmed Combat
 - Level 2.0 Spellcasting
 - Level 2.0 Transmutations


You had 2 spell levels left.
You knew the following spells:

 Your Spells              Type           Power        Failure   Level  Hunger
a - Beastly Appendage     Tmut           #.....       11%         1    ##.....
b - Sticks to Snakes      Tmut           #.......     17%         2    ###....

Your spell library contained the following spells:

 Spells                   Type           Power        Failure   Level  Hunger
 Spider Form              Tmut/Pois      #.........   45%         3    ####...
 Ice Form                 Ice/Tmut       #.......     86%         4    #####..
 Blade Hands              Tmut           #.........   97%         5    ######.


Dungeon Overview and Level Annotations

Branches:
Dungeon (1/15)

Altars:


Innate Abilities, Weirdness & Mutations

Your plain brown scales are hard. (AC +4)
You cannot fit into any form of body armour.
You are cold-blooded and may be slowed by cold attacks.


Message History

The goblin shouts!
No reachable target in view!
No reachable target in view!
No reachable target in view!
You barely miss the goblin. The goblin hits you.
You closely miss the goblin. The goblin hits you but does no damage.
You hit the goblin but do no damage. The goblin barely misses you.
Found 12 stones.
You punch the goblin!
You kill the goblin!
No target in view!
No target in view!
You're in a travel-excluded area, stopping explore.
You're in a travel-excluded area, stopping explore.
You're in a travel-excluded area, stopping explore.
You enter the shallow water.
Moving in this stuff is going to be slow.
You are engulfed in a cloud of scalding steam.
Ouch! That really hurt!
You die...

.#.# # #..#+##.... ##.#
#. #....†#.... ##.# #.
#.....#.... '..# #..
#.....#.... #### #..
#.....#.... # #... §§
#...>.##### #
#...#####§#######.....#
#
#......≈§§§≈...##.....#
# #.....§§@....##.....#
# ####.§§.§(.####...(.#
# ##§###### #.....#
#############.#
..............#
##########.#### #.# #)#
#.#


There were no monsters in sight!

Vanquished Creatures
  2 dart slugs (D:1)
  2 leopard geckos (D:1)
  5 bats (D:1)
  A giant cockroach (D:1)
  A hobgoblin (D:1)
  3 kobolds (D:1)
  2 frilled lizards (D:1)
  2 goblins (D:1)
  A rat (D:1)
19 creatures vanquished.

Notes
Turn   | Place    | Note
-------+----------+-------------------------------------------
     0 | D:1      | gruber the Draconian Transmuter began the quest for the
                  | Orb.
     0 | D:1      | Reached XP level 1. HP: 16/16 MP: 3/3
   290 | D:1      | Reached XP level 2. HP: 20/23 MP: 5/5
   586 | D:1      | Reached skill level 4 in Unarmed Combat
   665 | D:1      | Learned a level 2 spell: Sticks to Snakes
   768 | D:1      | Engulfed by a cloud of steam

Levels and vault maps discovered:
D:1:      minmay_arrival_split_and_join, layout_basic, lemuel_another_geyser

Skill      XL: |  1  2 |
---------------+-------+-----
Unarmed Combat | 4 |  4.1
Fighting       | |  1.1
Dodging        | |  1.7
Spellcasting   | |  2.0
Transmutations | |  2.0

Action                   || total
-------------------------++-------
Melee: Unarmed           ||    68
       Tailslap          ||     7
       Kick              ||     2
       Headbutt          ||     1
 Cast: Beastly Appendage ||     7
Armor: Skin              ||    28
Dodge: Dodged            ||    43

Table legend:
 A = Non-vault XP
 B = Vault XP
 C = Vault XP percentage of total XP
 D = Non-vault monster count
 E = Vault monster count
 F = Vault count percentage of total count
                 A         B        C        D         E       F
            +---------+---------+-------+---------+---------+-------
      Total |      36 |       0 |   0.0 |      19 |       0 |   0.0
            +---------+---------+-------+---------+---------+-------
        D:1 |      36 |       0 |   0.0 |      19 |       0 |   0.0
            +---------+---------+-------+---------+---------+-------
